cohdb
Replays
Latest Replays
All Replays
Popular Replays
Top Player Replays
Match Explorer
How It Works
Community
CoH3 Stats
Reddit
Sign in to upload your games and track your stats! →
Sign in with Steam
Match 41178051
Unlisted
Match 41178051
Overview
Messages
Build Orders
End
Pioneer Squad
Construct Infanterie Kompanie
Selects Terror Battlegroup
Selects Machine Gun Camouflage
Grenadier Squad
MG 42 Machine Gun Team
Grenadier Squad
MG 42 Machine Gun Team
Construct Luftwaffe Kompanie
221 Scout Car
Jäger Squad
Luftwaffe Officer Quarters
Medical Bunker
Support Elements
Wirbelwind Flakpanzer
Jäger Squad
UMirinBrah?
Null
0
0
Comments
sign in to comment!
No comments posted yet!